 Dungeon Crawl Stone Soup version 0.23-a0-32-g1388f29 (webtiles) character file.

5894 iamserjio the Covert (level 10, 0/71 HPs)
             Began as an Octopode Berserker on Aug 4, 2018.
             Was a Priest of Trog.
             Slain by a slime creature (22 damage)
             ... on level 9 of the Dungeon.
             The game lasted 00:44:26 (5490 turns).

iamserjio the Covert (Octopode Berserker)           Turns: 5490, Time: 00:44:27

Health: 0/71       AC:  3    Str: 21    XL:     10   Next: 82%
Magic:  12/12      EV: 19    Int: 11    God:    Trog [***...]
Gold:   355        SH:  9    Dex: 13    Spells: 9/9 levels left

rFire    . . .     SeeInvis +   J - +3 dagger (venom)
rCold    . . .     Gourm    .   f - +0 buckler
rNeg     . . .     Faith    .   H - +2 hat
rPois    .         Spirit   .   x - +4 amulet of reflection
rElec    .         Reflect  +   u - +4 ring of strength
rCorr    .         Harm     .   G - ring of flight
MR       ++...                  w - ring of see invisible
Stlth    ++++++....             (no ring)
HPRegen  1.21/turn              (no ring)
MPRegen  0.13/turn              (no ring)
                                (no ring)
                                (no ring)

@: regenerating
A: almost no armour, stealthy swim, amphibious, 8 rings, constrict 8, camouflage
1, gelatinous body 1
a: Berserk, Trog's Hand, Renounce Religion, Evoke Flight


You were on level 9 of the Dungeon.
You worshipped Trog.
Trog was most pleased with you.
You were not hungry.

You visited 1 branch of the dungeon, and saw 10 of its levels.
You also visited: Ossuary.

You collected 564 gold pieces.
You spent 209 gold pieces at shops.

Inventory:

Hand Weapons
 a - a cursed -3 dagger
 k - a +0 short sword of freezing
 q - a +1 hunting sling of flaming
 J - a +3 dagger of venom (weapon)
 Q - a +2 trident of flaming
 R - a +2 short sword
 T - a +0 scimitar
 W - a +0 hand crossbow
Missiles
 h - 14 bolts
 i - 4 javelins (quivered)
 p - 201 arrows
 s - 102 sling bullets
 y - 3 javelins of penetration
 B - 8 needles of confusion
 X - 5 poisoned tomahawks
 Y - 91 stones
Armour
 f - a +0 buckler (worn)
 H - a +2 hat (worn)
Jewellery
 u - a +4 ring of strength (left tentacle)
 w - a ring of see invisible (on tentacle)
 x - a +4 amulet of reflection (around mantle)
 G - a ring of flight (right tentacle)
 I - an uncursed amulet of faith
 P - an uncursed ring of ice
Wands
 D - a wand of iceblast (5)
 O - a wand of paralysis (17)
 S - a wand of random effects (35)
 U - a wand of acid (6)
Scrolls
 c - 2 scrolls of magic mapping
 d - 9 scrolls of remove curse {@r2}
 e - 2 scrolls of amnesia {unknown}
 l - 4 scrolls of teleportation {unknown}
 r - 3 scrolls of enchant weapon {unknown}
 C - 3 scrolls of immolation {unknown}
 E - 2 scrolls of blinking {unknown}
 L - 2 scrolls of enchant armour {unknown}
 M - 2 scrolls of fog {unknown}
 V - 2 scrolls of fear {unknown}
Potions
 g - 4 potions of curing {@q1}
 j - a potion of lignification {unknown}
 m - a potion of agility {unknown}
 n - 3 potions of haste {unknown}
 t - 5 potions of heal wounds
 v - 5 potions of flight
 z - 3 potions of brilliance
 A - 2 potions of magic {unknown}
 F - a potion of ambrosia {unknown}
 K - 2 potions of might
 N - a potion of berserk rage {unknown}
Comestibles
 b - 25 rations


   Skills:
 - Level 7.0 Fighting
 - Level 3.0(4.4) Short Blades
 + Level 5.0(5.4) Long Blades
 * Level 10.2 Dodging
 + Level 11.3 Stealth
 - Level 4.0 Shields
 + Level 2.6 Evocations


You had 9 spell levels left.
You didn't know any spells.
Your spell library contained the following spells:

 Spells                   Type           Power        Failure   Level  Hunger
 Apportation              Tloc           #.....       34%         1    ##.....
 Confuse                  Hex            #.......     71%         3    ####...
 Summon Small Mammal      Summ           #...         34%         1    ##.....
 Animate Skeleton         Necr           N/A          34%         1    ##.....
 Tukima's Dance           Hex            #.......     71%         3    ####...
 Confusing Touch          Hex            #.....       34%         1    ##.....
 Ensorcelled Hibernation  Hex/Ice        #.....       47%         2    ###....
 Corona                   Hex            #......      34%         1    ##.....
 Dazzling Spray           Conj/Hex       #.....       71%         3    ####...


Dungeon Overview and Level Annotations

Branches:
Dungeon (10/15)            Temple (0/1) D:6
   Lair: D:8-11         Orc: D:9-12

Altars:
Fedhas
Gozag
Hepliaklqana
Kikubaaqudgha
Okawaru
Qazlal
Ru
Trog
The Shining One

Shops:
D:9 :=}%(


Innate Abilities, Weirdness & Mutations

You cannot wear most types of armour.
You are very stealthy in the water. (Stealth+)
You are amphibious.
You can wear up to eight rings at the same time.
You can use your tentacles to constrict eight enemies at once.
Your skin changes colour to match your surroundings (Stealth+).
Your rubbery body absorbs attacks. (AC +1, EV +1)


Message History

You kill the orc wizard!
Trog accepts your kill.
Trog appreciates your killing of a magic user.
The slime creature misses you.
Your skin crawls.
You feel resistant to hostile enchantments.
You are starving!
The slime creature hits you.
Things that are here:
a dagger; a robe; an orc corpse You butcher the orc corpse.
The slime creature hits you!!
* * * LOW HITPOINT WARNING * * *
The slime creature looks more healthy.
Evoke which item? (* to show all) (? for menu, Esc to quit)
Okay, then.
You feel better.
Okay, then.
You eat one of the 26 rations.
That ration really hit the spot!
The slime creature hits you!!
You die...

#....... #.......
###########[......
#.....^...........
#.###########'####
#.# #..# #.#
###.#### #.#
#..∩.... #@#
###.#.#...
#J#######.........
#....)............
#########..(..>...
#.........
#........)
#.........
#.........
##########


You could see a slime creature.

Vanquished Creatures
  Joseph (D:7)
  Prince Ribbit (D:6)
  A hippogriff (D:9)
  Sigmund (D:3)
  4 hogs (D:9)
  Eustachio (D:6)
  A human (D:9)
  A steam dragon (D:8)
  Edmund (D:6)
  Duvessa (D:4)
  An orc warrior (D:10)
  2 sky beasts
  3 ogres
  A necrophage (D:6)
  A phantom (D:8)
  9 centaurs
  Blork the orc (D:5)
  A big kobold (D:9)
  2 bullfrogs (D:7)
  Dowan (D:4)
  4 scorpions
  3 killer bees (D:10)
  3 wights (D:8)
  An electric eel (D:6)
  A howler monkey (D:4)
  2 centaur zombies
  A centaur skeleton (D:3)
  2 jellies
  7 orc priests
  Crazy Yiuf (D:3)
  3 hounds
  11 orc wizards
  5 iguanas
  4 bullfrog skeletons
  Natasha (thrice) (D:2)
  5 worker ants
  A killer bee zombie (D:9)
  A hound zombie (D:5)
  2 hound skeletons
  5 mummies (Ossuary)
  A worker ant zombie (D:8)
  Robin (D:2)
  3 gnolls (D:6)
  A howler monkey skeleton (D:4)
  7 adders
  An adder zombie (D:8)
  An adder skeleton (D:8)
  3 worms
  3 leopard geckos
  28 orcs
  4 ball pythons
  6 bats
  3 giant cockroaches
  11 goblins
  15 hobgoblins
  11 jackals
  4 quokkas
  6 frilled lizards
  A gnoll zombie (Ossuary)
  A goblin zombie (Ossuary)
  A hobgoblin zombie (Ossuary)
  14 kobolds
  3 kobold zombies (Ossuary)
  An orc zombie (Ossuary)
  A quokka skeleton (D:5)
  10 rats
241 creatures vanquished.

Notes
Turn   | Place    | Note
-------+----------+-------------------------------------------
     0 | D:1      | iamserjio the Octopode Berserker began the quest for the Orb.
     0 | D:1      | Reached XP level 1. HP: 16/16 MP: 1/1
    29 | D:1      | Reached skill level 1 in Stealth
    37 | D:1      | Reached XP level 2. HP: 20/21 MP: 2/2
   206 | D:1      | Reached skill level 2 in Stealth
   329 | D:1      | Reached XP level 3. HP: 21/26 MP: 3/3
   398 | D:2      | Reached ** piety under Trog
   424 | D:2      | Reached skill level 3 in Stealth
   476 | D:2      | Reached XP level 4. HP: 10/31 MP: 4/4
   514 | D:2      | Noticed Natasha
   551 | D:2      | Killed Natasha
   551 | D:2      | Reached skill level 1 in Shields
   569 | D:2      | Noticed Natasha
   576 | D:2      | Killed Natasha
   576 | D:2      | Reached skill level 4 in Stealth
   576 | D:2      | Reached XP level 5. HP: 33/36 MP: 5/5
   678 | D:2      | Noticed Robin
   710 | D:2      | Killed Robin
   737 | D:2      | Noticed Natasha
   760 | D:2      | Killed Natasha
  1123 | D:3      | Found a glowing golden altar of the Shining One.
  1182 | D:3      | Reached skill level 5 in Stealth
  1182 | D:3      | Reached XP level 6. HP: 25/42 MP: 6/6
  1296 | D:3      | Found a bloodstained altar of Trog.
  1296 | D:3      | Noticed Sigmund
  1302 | D:3      | Killed Sigmund
  1302 | D:3      | Reached skill level 5 in Dodging
  1373 | D:4      | Reached skill level 6 in Stealth
  1373 | D:4      | Reached XP level 7. HP: 46/46 MP: 7/7
  1435 | D:4      | Found a sand-covered staircase.
  1439 | Ossuary  | Entered an ossuary
  1493 | Ossuary  | Reached *** piety under Trog
  1648 | D:4      | Noticed Duvessa
  1648 | D:4      | Noticed Dowan
  1660 | D:4      | Killed Duvessa
  1667 | D:4      | Reached skill level 7 in Stealth
  1709 | D:4      | Found a blossoming altar of Fedhas.
  1822 | D:4      | Killed Dowan
  1860 | D:4      | Reached XP level 8. HP: 54/54 MP: 8/8
  1924 | D:3      | Found a runed door.
  1928 | D:3      | Noticed Crazy Yiuf
  1932 | D:3      | Killed Crazy Yiuf
  2199 | D:5      | Entered Level 5 of the Dungeon
  2220 | D:5      | Reached skill level 8 in Stealth
  2330 | D:5      | Found an ancient bone altar of Kikubaaqudgha.
  2330 | D:5      | Found a blossoming altar of Fedhas.
  2405 | D:5      | Noticed Blork the orc
  2418 | D:5      | Killed Blork the orc
  2602 | D:5      | Found a sacrificial altar of Ru.
  2718 | D:6      | Noticed Prince Ribbit
  2722 | D:6      | Killed Prince Ribbit
  2722 | D:6      | Reached skill level 1 in Long Blades
  2722 | D:6      | Reached skill level 9 in Stealth
  2722 | D:6      | Reached XP level 9. HP: 26/60 MP: 9/9
  2776 | D:6      | Found a hazy altar of Hepliaklqana.
  2791 | D:6      | Noticed Edmund
  2798 | D:6      | Reached skill level 5 in Fighting
  2811 | D:6      | Killed Edmund
  2923 | D:6      | Found an iron altar of Okawaru.
  3033 | D:6      | Noticed Eustachio
  3040 | D:6      | Killed Eustachio
  3321 | D:7      | Noticed Joseph
  3344 | D:7      | Killed Joseph
  3344 | D:7      | Reached skill level 10 in Stealth
  3420 | D:7      | Found an opulent altar of Gozag.
  3439 | D:7      | Found a stormy altar of Qazlal.
  3526 | D:7      | Found the +3 salamander hide armour {+Rage rF++}
  3573 | D:7      | Reached XP level 10. HP: 68/68 MP: 10/10
  3976 | D:6      | Found a staircase to the Ecumenical Temple.
  4049 | D:8      | Received a gift from Trog
  4691 | D:9      | Found Dokku's Jewellery Shop.
  4773 | D:9      | Reached skill level 1 in Evocations
  4780 | D:9      | Reached skill level 11 in Stealth
  4784 | D:9      | Received a gift from Trog
  5021 | D:9      | Found Lych's Gadget Shop.
  5030 | D:9      | Bought a wand of paralysis (17) for 209 gold pieces
  5045 | D:9      | Reached skill level 10 in Dodging
  5056 | D:9      | Found Jebroak's Book Shop.
  5154 | D:9      | Found Daori's Food Shoppe.
  5244 | D:9      | Found Ziusm's Antique Weapon Shop.
  5269 | D:10     | Entered Level 10 of the Dungeon
  5414 | D:10     | Noticed an unseen horror
  5437 | D:10     | Reached skill level 5 in Long Blades
  5483 | D:9      | HP: 3/71 [slime creature (21)]
  5490 | D:9      | Slain by a slime creature

Vault maps used:
D:1:      mrwooster_arrival_statue_2, minivault_19
D:2:      uniq_robin, uniq_natasha
D:3:      tso_altar, lightli_temple_of_fire, first_ration, grunt_decor_fettered,
          uniq_crazy_yiuf_cottage, uniq_sigmund
D:4:      lightli_ossuary_entry_decrepit_ruins, roderic_serpentine_path,
          fedhas_altar_fruit_tree, uniq_duvessa
D:5:      lemuel_upstairs_altar, grunt_temple_overflow_growth_and_decay,
          uniq_blork_the_orc
D:6:      lemuel_round_altar, minmay_temple_entry_from_below_a, minivault_14,
          minivault_10, okawaru_trees_2, uniq_edmund, uniq_prince_ribbit1,
          uniq_eustachio
D:7:      statuecave_lemuel, lemuel_crystal_altar, basic_altar, uniq_joseph
D:9:      serial_shops, nicolae_shop_crystal, nicolae_shop_trees, shop, shop,
          shop, grunt_livestock, dk_noncrumbling_3, dk_rats_in_the_wall
D:10:     serial_shops, shop, minmay_holes
Ossuary:  ossuary_crypta

Skill      XL: |  1  2  3  4  5  6  7  8  9 10 |
---------------+-------------------------------+-----
Stealth        | 1 2 3 4 5 6 7 9 10 11 | 11.3
Dodging        | 4 5 6 7 9 10 | 10.2
Shields        | 1 2 3 4 |  4.0
Fighting       | 4 6 7 |  7.0
Long Blades    | 1 3 5 |  5.0
Evocations     | 2 |  2.6
Short Blades   | |  3.0

Action                   |  1- 3 |  4- 6 |  7- 9 | 10-12 || total
-------------------------+-------+-------+-------+-------++-------
Melee: Short sword       |    55 |    95 |   205 |    75 ||   430
       Constrict         |    17 |    24 |    52 |    38 ||   131
       Tentacles         |     9 |    22 |    66 |    48 ||   145
       Rapier            |       |       |    35 |    55 ||    90
       Dagger            |       |       |       |    36 ||    36
 Fire: Hunting sling     |       |       |       |     6 ||     6
Throw: Javelin           |       |       |     1 |       ||     1
Invok: Trog's Hand       |     1 |     4 |    12 |    10 ||    27
       Berserk           |     1 |     2 |     5 |     2 ||    10
Evoke: Wand              |       |       |    10 |       ||    10
  Use: Scroll            |       |     2 |     9 |     1 ||    12
       Potion            |       |       |     2 |     1 ||     3
 Stab: Sleeping          |     6 |     9 |    19 |    11 ||    45
       Distracted        |       |       |       |     1 ||     1
  Eat: Chunk             |       |     5 |    17 |     7 ||    29
       Ration            |       |       |       |     2 ||     2
Armor: Skin              |     6 |     1 |     4 |     2 ||    13
Dodge: Dodged            |    18 |    59 |   109 |    93 ||   279
Block: Buckler           |     2 |    14 |    80 |    60 ||   156
       Reflection        |       |       |     8 |     3 ||    11

Table legend:
 A = Spawn XP
 B = Non-spawn XP
 C = Spawn XP percentage of total XP
 D = Spawn monster count
 E = Non-spawn monster count
 F = Spawn count percentage of total count
 G = Total turns spent on level
                    A         B        C        D         E        F      G
               +---------+---------+-------+---------+---------+-------+---------
         Total |       0 |    8420 |   0.0 |       0 |     241 |   0.0 |  5490
               +---------+---------+-------+---------+---------+-------+---------
           D:1 |       0 |      35 |   0.0 |       0 |      19 |   0.0 |   372
           D:2 |       0 |     239 |   0.0 |       0 |      43 |   0.0 |   548
           D:3 |       0 |     334 |   0.0 |       0 |      19 |   0.0 |   535
           D:4 |       0 |     746 |   0.0 |       0 |      23 |   0.0 |   553
           D:5 |       0 |     515 |   0.0 |       0 |      17 |   0.0 |   398
           D:6 |       0 |    1470 |   0.0 |       0 |      23 |   0.0 |   670
           D:7 |       0 |    1431 |   0.0 |       0 |      20 |   0.0 |   749
           D:8 |       0 |    1087 |   0.0 |       0 |      24 |   0.0 |   656
           D:9 |       0 |    1819 |   0.0 |       0 |      29 |   0.0 |   670
          D:10 |       0 |     600 |   0.0 |       0 |      11 |   0.0 |   148
       Ossuary |       0 |     144 |   0.0 |       0 |      13 |   0.0 |   191
               +---------+---------+-------+---------+---------+-------+---------
